 Dungeon Crawl Stone Soup version 0.26-a0-537-g96b2eae49b (webtiles) character file.

Game seed: 5500290613426747496

33 MrRokkomies the Skirmisher (level 3, -6/31 HPs)
             Began as a Demigod Wanderer on Aug 14, 2020.
             Mangled by a worm (8 damage)
             ... on level 2 of the Dungeon.
             The game lasted 00:02:09 (1075 turns).

MrRokkomies the Skirmisher (Demigod Wanderer)       Turns: 1075, Time: 00:02:10

Health: -6/31      AC:  6    Str: 15    XL:     3   Next: 0%
Magic:  6/6        EV: 12    Int: 21    God:
Gold:   58         SH:  0    Dex: 12    Spells: 4/4 levels left

rFire    . . .     SeeInvis .   f - +0 mace
rCold    . . .     Faith    .   (no shield)
rNeg     . . .     Spirit   .   d - +2 leather armour
rPois    .         Reflect  .   (no helmet)
rElec    .         Harm     .   (no cloak)
rCorr    .                      i - +0 pair of gloves
MR       .....                  (no boots)
Stlth    +.........             (no amulet)
HPRegen  0.10/turn              (no ring)
MPRegen  0.10/turn              (no ring)

@: no status effects
A: high mp 1
a: no special abilities


You were on level 2 of the Dungeon.
You visited 1 branch of the dungeon, and saw 2 of its levels.

You collected 58 gold pieces.

Inventory:

Hand Weapons
 a - a +0 club
 f - a +0 mace (weapon)
Missiles
 c - 90 stones (quivered)
Armour
 d - a +2 leather armour (worn)
 i - a +0 pair of gloves (worn)
Scrolls
 b - a scroll of teleportation
 e - a scroll of enchant weapon {unknown}
 j - 3 scrolls of magic mapping {unknown}
Potions
 g - a potion of might {unknown}
 h - a potion of magic {unknown}


   Skills:
 * Level 3.2 Fighting
 + Level 1.4 Throwing
 * Level 1.9 Dodging
 - Level 1.0 Stealth
 - Level 1.0 Unarmed Combat
 - Level 1.0 Spellcasting
   Level 1.7 Necromancy


You had 4 spell levels left.
You didn't know any spells.
Your spell library contained the following spells:

 Spells                   Type           Power        Failure   Level
 Sublimation of Blood     Necr           #.........   14%         2
 Corpse Rot               Necr/Air       N/A          22%         2


Dungeon Overview and Level Annotations

Branches:
Dungeon (2/15)


Innate Abilities, Weirdness & Mutations

You have an increased reservoir of magic. (+10% MP)


Message History

You barely miss the worm.
The worm is heavily wounded.
You hit the worm.
The worm is severely wounded.
The worm barely misses you.
You barely miss the worm.
The worm is heavily wounded.
The worm misses you.
You hit the worm.
The worm is almost dead.
The worm bites you.
* * * LOW HITPOINT WARNING * * *
You barely miss the worm.
The worm is almost dead.
The worm bites you.
* * * LOW HITPOINT WARNING * * *
You hit the worm but do no damage.
The worm is severely wounded.
The worm bites you!
You die...

#.........# ....._....##
...........#
#..#...#...#######.
##.##.##...........
.........##############
.###...##.....†=...?...#
############........# .
........@..?...# #
#######..w.....# .
#........# . #........#
. ##########


You could see a worm.

Vanquished Creatures
  4 leopard geckos
  3 giant cockroaches (D:1)
  4 goblins (D:1)
  2 hobgoblins (D:1)
  3 jackals (D:1)
  A bat (D:1)
  A frilled lizard (D:2)
  4 kobolds (D:1)
  5 rats
27 creatures vanquished.

Notes
Turn   | Place    | Note
-------+----------+-------------------------------------------
     0 | D:1      | MrRokkomies the Demigod Wanderer began the quest for the
                  | Orb.
     0 | D:1      | MrRokkomies set off with the following items: a +0 club, a
                  | scroll of teleportation, a +2 leather armour; and the
                  | following spells available to memorise: Sublimation of
                  | Blood, Corpse Rot
     0 | D:1      | Reached XP level 1. HP: 18/18 MP: 4/4
   385 | D:1      | Reached XP level 2. HP: 25/25 MP: 5/5
   402 | D:1      | Reached skill level 3 in Fighting
  1030 | D:2      | Found an iron altar of Okawaru.
  1057 | D:2      | Reached XP level 3. HP: 31/31 MP: 6/6
  1075 | D:2      | Mangled by a worm

Illustrated notes

Levels and vault maps discovered:
D:1:      minmay_arrival_shattered_statue, layout_rooms, eino_curves_02,
          serial_bayou_crossing
D:2:      layout_rooms, chequers_ecumenical_altar_simple_redux,
          minmay_crystal_water, hex_tiny, grunt_ministairs_15,
          okawaru_gym_becter

Skill      XL: |  1  2 |
---------------+-------+-----
Fighting       | 3 |  3.2
Throwing       | |  1.4
Dodging        | |  1.9
Stealth        | |  1.0
Unarmed Combat | |  1.0
Spellcasting   | |  1.0
Necromancy     | |  1.7

Action                   || total
-------------------------++-------
Melee: Club              ||    53
       Mace              ||    71
 Stab: Sleeping          ||     3
Armor: Leather armour    ||    60
Dodge: Dodged            ||   103

Table legend: (Time is in decaauts)
 A = Elapsed time spent in this place.
 B = Non-inter-level travel time spent in this place.
 C = Inter-level travel time spent in this place.
 D = Time resting spent in this place.
 E = Time spent auto-exploring this place.
 F = Levels seen in this place.
 G = Mean time per level.
                   A        B        C        D        E       F      G
               +--------+--------+--------+--------+--------+-----+--------+
         Total |   1124 |   1114 |     10 |      0 |    835 |   2 |  562.0 |
       Dungeon |   1124 |   1114 |     10 |      0 |    835 |   2 |  562.0 |
               +--------+--------+--------+--------+--------+-----+--------+

Top non-repeatable levels by time:
     D:1: 1047 daAuts
     D:2: 76 daAuts
